 Dungeon Crawl Stone Soup version 0.31-a0-239-g0a1456f148 (webtiles) character file.

Game seed: 3002573689398334511

12 qw the Shooter (level 2, -3/23 HPs)
             Began as a Minotaur Hexslinger on July 11, 2023.
             Slain by Terence
             ... wielding a +2 mace of protection
              (5 damage)
             ... on level 2 of the Dungeon.
             The game lasted 00:00:13 (555 turns).

qw the Shooter (Minotaur Hexslinger)                 Turns: 555, Time: 00:00:14

Health: -3/23      AC:  5    Str: 12    XL:     2   Next: 20%
Magic:  2/2        EV: 12    Int: 10    God:
Gold:   49         SH:  0    Dex: 12    Spells: 2/3 levels left

rFire   . . .        Y - +1 sling
rCold   . . .        (no shield)
rNeg    . . .        c - +0 robe
rPois   .            (helmet restricted)
rElec   .            (no cloak)
rCorr   .            (no gloves)
SInv    .            g - +2 pair of boots
Will    .....        (no amulet)
Stlth   +            (no ring)
HPRegen 0.23/turn    (no ring)
MPRegen 0.08/turn

%: no passive effects
@: no status effects
A: horns 2, retaliatory headbutt
a: no special abilities


You were on level 2 of the Dungeon.
You visited 1 branch of the dungeon, and saw 2 of its levels.

You collected 49 gold pieces.


Innate Abilities, Weirdness & Mutations

You have a pair of horns on your head.
You reflexively headbutt those who attack you in melee.


   Skills:
 + Level 1.6 Fighting
 - Level 3.1 Ranged Weapons
 - Level 2.1 Dodging
 - Level 1.0 Spellcasting
 - Level 2.0 Hexes


You had 2 spell levels left.
You knew the following spells:

 Your Spells              Type           Power      Damage    Failure   Level
a - Slow                  Hex            16%        N/A       16%         1

Your spell library contained the following spells:

 Spells                   Type           Power      Damage    Failure   Level
 Inner Flame              Hex/Fire       2%         N/A       56%         3
 Portal Projectile        Hex/Tloc       4%         N/A       56%         3
 Cause Fear               Hex            2%         N/A       83%         4

Inventory:

Hand Weapons
 Y - a +1 sling (weapon)
Armour
 c - a +0 robe (worn)
 g - a +2 pair of boots (worn)
Potions
 d - a potion of curing {unknown}

Dungeon Overview and Level Annotations

Branches:
Dungeon (2/15)

Altars:

Annotations:
D:2 Terence


Message History

You shoot a sling bullet. The sling bullet barely misses Terence.
Terence barely misses you.
You shoot a sling bullet.
The sling bullet hits Terence but does no damage.
Terence barely misses you. Terence closely misses you.
You shoot a sling bullet. The sling bullet hits Terence.
Terence is lightly wounded.
Terence hits you with a +2 mace of protection.
You shoot a sling bullet.
The sling bullet completely misses Terence.
Terence says, "Did you write a will?
You should..."
Terence barely misses you.
You shoot a sling bullet. The sling bullet hits Terence.
Terence is moderately wounded.
Terence hits you with a +2 mace of protection.
You shoot a sling bullet. The sling bullet hits Terence.
Terence is moderately wounded.
Terence barely misses you.
You shoot a sling bullet. The sling bullet hits Terence.
Terence is heavily wounded.
Terence hits you with a +2 mace of protection!
Terence hits you with a +2 mace of protection.
You shoot a sling bullet. The sling bullet hits Terence.
Terence is severely wounded.
Terence barely misses you.
You shoot a sling bullet.
The sling bullet hits Terence but does no damage.
Terence is severely wounded.
Terence closely misses you.
You shoot a sling bullet. The sling bullet barely misses Terence.
Terence hits you with a +2 mace of protection!
You shoot a sling bullet.
The sling bullet hits Terence but does no damage.
Terence is severely wounded.
Terence hits you with a +2 mace of protection.
Terence hits you but does no damage.
You shoot a sling bullet.
The sling bullet closely misses Terence.
Terence hits you with a +2 mace of protection.
You die...

............##
.............### ##
..<.......<....# .#
............##.####[####
...#.......###..#.......
...##.....## ##.#.%.....
...######## #.#.......
#### #>#@......
#.@....... ##........
#########


You could see Terence.

Vanquished Creatures
  A giant cockroach (D:1)
  2 goblins (D:1)
  2 hobgoblins
  2 quokkas (D:1)
  A bat (D:1)
  A frilled lizard (D:1)
  3 rats
12 creatures vanquished.

Notes
Turn   | Place    | Note
-------+----------+-------------------------------------------
     0 | D:1      | qw the Minotaur Hexslinger began the quest for the Orb.
     0 | D:1      | Reached XP level 1. HP: 16/16 MP: 1/1
     0 | D:1      | 0 ||| qw: Version: 0.3-a-52-g30416fa
     0 | D:1      | 0 ||| qw: Game counter: 5887
     0 | D:1      | 0 ||| qw: Melee chars always use a shield: true
     0 | D:1      | 0 ||| qw: God list: Okawaru
     0 | D:1      | 0 ||| qw: Allow faded altars: false
     0 | D:1      | 0 ||| qw: Do Orc after clearing Dungeon:15 true
     0 | D:1      | 0 ||| qw: Do second Lair branch before Depths: true
     0 | D:1      | 0 ||| qw: Lair rune preference: random
     0 | D:1      | 0 ||| qw: Goals: Normal
     0 | D:1      | 0 ||| PLANNING D:1-11
   158 | D:1      | Found a faded altar of an unknown god.
   464 | D:1      | Reached skill level 3 in Ranged Weapons
   464 | D:1      | Reached XP level 2. HP: 23/23 MP: 2/2
   496 | D:1      | 496 ||| UPGRADING to +0 pair of boots.
   501 | D:1      | 501 ||| READING 3 scrolls labelled TUEROUFUNLI.
   502 | D:1      | 502 ||| READING 2 scrolls of enchant armour.
   502 | D:1      | 502 ||| ENCHANTING +0 pair of boots.
   503 | D:1      | 503 ||| READING scroll of enchant armour.
   503 | D:1      | 503 ||| ENCHANTING +1 pair of boots.
   504 | D:1      | 504 ||| READING scroll labelled TUPUSK MEETE.
   505 | D:1      | 505 ||| DROPPING scroll of poison.
   536 | D:2      | Noticed Terence
   553 | D:2      | HP: 5/23 [Terence/+2 mace of protection (7)]
   554 | D:2      | HP: 1/23 [Terence/+2 mace of protection (4)]
   555 | D:2      | Slain by Terence

Levels and vault maps discovered:
D:1:      wander_arrival_chamber, layout_basic,
          hellmonk_ecumenical_altar_pennies_from_heaven
D:2:      layout_rooms, uniq_terence

Skill      XL: |  1 |
---------------+----+-----
Ranged Weapons | 3 |  3.1
Fighting       | |  1.6
Dodging        | |  2.1
Spellcasting   | |  1.0
Hexes          | |  2.0

Action                     || total
---------------------------++-------
   Fire: Sling             ||    52
    Use: Scroll            ||     4
 Armour: Robe              ||     2
  Dodge: Dodged            ||    10

Table legend:
 A = Non-vault XP
 B = Vault XP
 C = Vault XP percentage of total XP
 D = Non-vault monster count
 E = Vault monster count
 F = Vault count percentage of total count
                 A         B        C        D         E       F
            +---------+---------+-------+---------+---------+-------
      Total |      18 |       0 |   0.0 |      12 |       0 |   0.0
            +---------+---------+-------+---------+---------+-------
        D:1 |      15 |       0 |   0.0 |      10 |       0 |   0.0
        D:2 |       3 |       0 |   0.0 |       2 |       0 |   0.0
            +---------+---------+-------+---------+---------+-------
